 Dungeon Crawl Stone Soup version 0.32-a0-975-g85d4e5bfdb (webtiles) character file.

Game seed: 15825118252127297636

1125 ezpacito the Trooper (level 8, 0/61 HPs)
             Began as a Coglin Chaos Knight on Apr 19, 2024.
             Was a Plaything of Xom.
             Slain by a kobold
             ... wielding a +0 dagger
              (3 damage)
             ... on level 6 of the Dungeon.
             The game lasted 00:05:04 (3499 turns).

ezpacito the Trooper (Coglin Chaos Knight)          Turns: 3499, Time: 00:05:04

Health: 0/61       AC:  5    Str: 17    XL:     8   Next: 35%
Magic:  10/10      EV: 12    Int: 10    God:    Xom [.....*]
Gold:   376        SH:  0    Dex: 20    Spells: 1/9 levels left

rFire   . . .        a - +0 hand axe (chaos) {Florimund}
rCold   . . .        w - +4 short sword "Mauf" {venom, rElec Dex+3}
rNeg    . . .        b - +2 leather armour
rPois   .            (helmet restricted)
rElec   +            (no cloak)
rCorr   .            (no gloves)
SInv    .            (no boots)
Will    .....        (amulet unavailable)
Stlth   ++           (ring unavailable)
HPRegen 0.30/turn    (ring unavailable)
MPRegen 0.12/turn    (no gizmo)

%: no passive effects
@: lethally poisoned (0 -> -1), slowed, revved, very slow
A: off-hand wielding, slow wielding, warmup strikes, no jewellery, horns 1,
agile 1, mutation resistance 1, strong 1, wild magic 1
a: Invent Gizmo, Renounce Religion


You were on level 6 of the Dungeon.
You worshipped Xom.
You were Xom's teddy bear.
You visited 1 branch of the dungeon, and saw 6 of its levels.

You collected 376 gold pieces.

Inventory:

Hand Weapons
 a - a +0 hand axe of chaos (weapon) {Florimund}
 m - a +0 war axe {Qiang}
 w - the +4 short sword "Mauf" (offhand) {venom, rElec Dex+3}
   (You found it on level 3 of the Dungeon)

   Dex+3:     It affects your dexterity (+3).
   rElec:     It insulates you from electricity.
 z - a +0 sling
 C - a +1 hand axe of flaming
Missiles
 g - 6 poisoned darts (quivered)
 k - a throwing net
 o - 5 javelins
Armour
 b - a +2 leather armour (worn)
Talismans
 y - a beast talisman
Wands
 D - a wand of paralysis (12)
Scrolls
 c - a scroll of butterflies
 e - 3 scrolls of silence
 f - a scroll of enchant armour
 i - a scroll of fear {unknown}
 n - a scroll of torment {unknown}
 p - a scroll of noise {unknown}
 t - 3 scrolls of teleportation
 v - a scroll of immolation {unknown}
 A - a scroll of vulnerability {unknown}
 E - a scroll of revelation
Potions
 d - a potion of degeneration {unknown}
 h - a potion of attraction {unknown}
 j - 5 potions of brilliance
 l - a potion of heal wounds
 q - a potion of curing
 r - 3 potions of magic
 s - a potion of haste {unknown}
 u - a potion of enlightenment {unknown}
 x - a potion of mutation
 B - a potion of invisibility {unknown}


   Skills:
 * Level 4.5 Fighting
 * Level 4.5(5.0) Axes
 * Level 2.7(3.8) Polearms
 + Level 1.2 Ranged Weapons
 + Level 1.8 Throwing
 * Level 3.6 Armour
 * Level 2.8 Dodging
 + Level 1.6 Stealth
 + Level 1.4 Spellcasting
 + Level 1.2 Hexes
 + Level 1.1 Necromancy
 + Level 1.1 Fire Magic
 + Level 1.4 Alchemy
 + Level 1.4 Evocations
 + Level 1.0 Shapeshifting


You had one spell level left.
You knew the following spells:

 Your Spells              Type           Power      Damage    Failure   Level
a - Ignite Poison         Fire/Alch      4%         N/A       96%         4
s - Slow                  Hex            16%        N/A       32%         1
x - Vampiric Draining     Necr           3%         2d6       67%         3

Your spell library contained the following spells:

 Spells                   Type           Power      Damage    Failure   Level
 Confusing Touch          Hex            4%         N/A       67%         3
 Sticky Flame             Fire/Alch      4%         2d4       96%         4
 Ignition                 Fire           1%         3d3       100%        8


Dungeon Overview and Level Annotations

Branches:
Dungeon (6/15)             Temple (0/1) D:5

Altars:
Cheibriados
Makhleb

Annotations:
D:6 Sigmund


Innate Abilities, Weirdness & Mutations

You can wield a second weapon in your off-hand.
It takes a long time for you to wield or remove held weapons.
Your first few attacks do less damage.
You cannot equip rings or amulets.
You have a pair of small horns on your head.
You are agile. (Dex +4, Str/Int -1)
You are somewhat resistant to further mutation.
Your muscles are strong. (Str +4, Int/Dex -1)
Your spells are a little harder to cast, but a little more powerful.


Message History

The kobold barely misses you. The kobold hits you but does no damage.
You take 13 damage, and have 32/61 hp.
MASSIVE DAMAGE!!
You closely miss the kobold with your +0 hand axe of chaos.
You hit the kobold with your +0 hand axe of chaos.
The kobold falls asleep!
You hit the kobold with your +0 hand axe of chaos.
You freeze the kobold.
You closely miss the kobold with your +0 hand axe of chaos.
You hit the kobold but do no damage.
The kobold is poisoned.
You barely miss the kobold brigand with your +0 hand axe of chaos.
You hit the kobold with the +4 short sword "Mauf".
You kill the kobold!
You feel sick.
Sigmund hits you from afar with a +0 scythe!
The kobold hits you with a +0 dagger.
The kobold throws a stone.
The stone hits you but does no damage.
The kobold hits you with a +0 short sword.
The kobold brigand hits you with a +0 whip!
* * * LOW HITPOINT WARNING * * *
The kobold hits you but does no damage. The kobold closely misses you.
You take 19 damage, and have 13/61 hp.
MASSIVE DAMAGE!!
You barely miss the kobold brigand with the +4 short sword "Mauf".
You hit the kobold brigand with your +0 hand axe of chaos.
You barely miss the kobold with your +0 hand axe of chaos.
You closely miss the kobold with your +0 hand axe of chaos.
You hit the iguana but do no damage. You hit the kobold but do no damage.
The acid corrodes the kobold!
You hit the kobold with your +0 hand axe of chaos.
You kill the kobold!
You feel sick. Sigmund barely misses you. The kobold misses you.
The iguana closely misses you. The kobold barely misses you.
The kobold brigand closely misses you. The iguana closely misses you.
The kobold brigand hits you with a +0 whip.
* * * LOW HITPOINT WARNING * * *
The kobold hits you with a +0 short sword.
* * * LOW HITPOINT WARNING * * *
The kobold hits you but does no damage. The kobold completely misses you.
The kobold hits you with a +0 dagger.
You die...
Xom bursts into laughter!

....>.......#
............# #........
............# ##........
#..........## #.........
.[.........# #.........
..........## #.........
###.......#####.@.......
#####.......##.)KK......
.## ##...#.....K@l......
..## ##.#####...KK......
...## ### ##.........#
....## #........##
.....# ##.....### ......
##..### ..##. ##.# .##
.. .# ..


You could see a kobold brigand, Sigmund, an iguana and 4 kobolds.

Vanquished Creatures
  An ogre (D:6)
  A phantom (D:4)
  4 scorpions
  2 bullfrogs (D:6)
  A howler monkey (D:6)
  A bombardier beetle (D:5)
  An orc priest (D:5)
  5 hounds
  An iguana (D:6)
  A sleepcap (D:5)
  Ijyb (D:5)
  2 orc wizards (D:5)
  8 gnolls
  4 adders
  3 dart slugs
  A ribbon worm (D:4)
  10 orcs
  5 ball pythons
  7 endoplasms
  5 giant cockroaches
  2 goblins
  15 hobgoblins
  5 kobolds
  3 quokkas
  6 bats
  3 frilled lizards
  9 rats
107 creatures vanquished.

Notes
Turn   | Place    | Note
-------+----------+-------------------------------------------
     0 | D:1      | ezpacito the Coglin Chaos Knight began the quest for the
                  | Orb.
     0 | D:1      | Reached XP level 1. HP: 18/18 MP: 1/1
   142 | D:1      | Reached skill level 1 in Dodging
   251 | D:1      | Reached XP level 2. HP: 24/24 MP: 2/2
   503 | D:1      | XOM: divination: magic mapping
   543 | D:2      | XOM: stealth player
   724 | D:2      | Reached XP level 3. HP: 28/29 MP: 3/3
   734 | D:2      | XOM: silly message
   959 | D:2      | Found a faded altar of an unknown god.
  1123 | D:2      | Reached XP level 4. HP: 34/35 MP: 4/4
  1619 | D:3      | Reached skill level 1 in Polearms
  1760 | D:3      | Identified the +4 short sword "Mauf" {venom, rElec Dex+3}
  1992 | D:4      | Noticed a scorpion
  1999 | D:4      | Killed a scorpion
  2000 | D:4      | Reached XP level 5. HP: 41/41 MP: 5/5
  2039 | D:4      | Learned a level 1 spell: Slow
  2044 | D:4      | Learned a level 4 spell: Ignite Poison
  2052 | D:4      | Reached skill level 1 in Throwing
  2093 | D:4      | Found a burning altar of Makhleb.
  2101 | D:4      | Reached XP level 6. HP: 48/48 MP: 7/7
  2141 | D:4      | Reached skill level 1 in Stealth
  2522 | D:5      | Entered Level 5 of the Dungeon
  2533 | D:5      | Found a snail-covered altar of Cheibriados.
  2543 | D:5      | Reached skill level 1 in Spellcasting
  2553 | D:5      | XOM: cast spell 'Fugue of the Fallen'
  2557 | D:5      | Reached XP level 7. HP: 41/54 MP: 8/8
  2561 | D:5      | Gained mutation: You have a pair of small horns on your
                  | head. [potion of mutation]
  2561 | D:5      | Gained mutation: Your spells are a little harder to cast,
                  | but a little more powerful. [potion of mutation]
  2561 | D:5      | Gained mutation: Your muscles are strong. (Str +4, Int/Dex
                  | -1) [potion of mutation]
  2574 | D:5      | Learned a level 3 spell: Vampiric Draining
  2771 | D:5      | Reached skill level 1 in Alchemy
  2938 | D:5      | Noticed Ijyb
  2944 | D:5      | Killed Ijyb
  3053 | D:5      | Reached skill level 1 in Ranged Weapons
  3146 | D:5      | XOM: silly message
  3159 | D:5      | XOM: divination: detect creatures
  3216 | D:5      | Found a staircase to the Ecumenical Temple.
  3266 | D:5      | Reached skill level 1 in Hexes
  3280 | D:5      | XOM: give mutations
  3280 | D:5      | Gained mutation: You are agile. (Dex +4, Str/Int -1) [Xom's
                  | mischief]
  3280 | D:5      | Gained mutation: You are somewhat resistant to further
                  | mutation. [Xom's mischief]
  3324 | D:6      | Reached skill level 1 in Fire Magic
  3326 | D:6      | Reached skill level 1 in Evocations
  3326 | D:6      | Reached skill level 1 in Shapeshifting
  3326 | D:6      | Reached XP level 8. HP: 57/61 MP: 8/10
  3326 | D:6      | XOM: blink monster(s)
  3336 | D:6      | Reached skill level 1 in Necromancy
  3489 | D:6      | Noticed Sigmund
  3492 | D:6      | XOM: enchant monster (bad)
  3499 | D:6      | HP: 3/61 [kobold/+0 short sword (6)]
  3499 | D:6      | Slain by a kobold

Illustrated notes

Levels and vault maps discovered:
D:1:      tarquinn_simple_flora_water_b, layout_basic
D:2:      minmay_razor_zed, layout_basic, hellmonk_ecumenical_altar_zigzags
D:3:      layout_rooms, minmay_checkerbox
D:4:      layout_cave_pools, makhleb_heckhound_becter, feat_on_display
D:5:      layout_basic, overflow_temple_1_default,
          minmay_temple_entry_from_below_b, uniq_ijyb
D:6:      layout_cave_pods, minmay_hollow_rounded_squares, uniq_sigmund

Skill      XL: |  1  2  3  4  5  6  7  8 |
---------------+-------------------------+-----
Dodging        | 1 2 |  2.8
Armour         | 2 3 |  3.6
Polearms       | 1 2 |  2.7
Throwing       | 1 |  1.8
Stealth        | 1 |  1.6
Fighting       | 4 |  4.5
Spellcasting   | 1 |  1.4
Axes           | 4 |  4.5
Alchemy        | 1 |  1.4
Ranged Weapons | 1 |  1.2
Hexes          | 1 |  1.2
Fire Magic     | 1 |  1.1
Evocations     | 1 |  1.4
Shapeshifting  | 1 |  1.0
Necromancy     | 1 |  1.1

Action                     |  1- 3 |  4- 6 |  7- 9 || total
---------------------------+-------+-------+-------++-------
  Melee: Hand axe          |    46 |    82 |    67 ||   195
         Dagger            |    12 |       |       ||    12
         War axe           |    31 |    25 |       ||    56
         Short sword       |       |    59 |    63 ||   122
         Headbutt          |       |       |    10 ||    10
    Use: Scroll            |     1 |     4 |     1 ||     6
         Potion            |       |       |     3 ||     3
   Stab: Sleeping          |     4 |     4 |     1 ||     9
         Paralysed         |       |     1 |     3 ||     4
         Distracted        |       |     1 |       ||     1
         Confused          |       |       |     1 ||     1
 Armour: Leather armour    |    30 |    52 |    59 ||   141
  Dodge: Dodged            |    30 |    41 |    63 ||   134

Table legend: (Time is in decaauts)
 A = Elapsed time spent in this place.
 B = Non-inter-level travel time spent in this place.
 C = Inter-level travel time spent in this place.
 D = Time resting spent in this place.
 E = Time spent auto-exploring this place.
 F = Levels seen in this place.
 G = Mean time per level.
                   A        B        C        D        E       F      G
               +--------+--------+--------+--------+--------+-----+--------+
         Total |   3522 |   3315 |    207 |      0 |   2618 |   6 |  587.0 |
       Dungeon |   3522 |   3315 |    207 |      0 |   2618 |   6 |  587.0 |
               +--------+--------+--------+--------+--------+-----+--------+

Top non-repeatable levels by time:
     D:2: 1054 daAuts
     D:5: 868 daAuts
     D:1: 544 daAuts
     D:4: 536 daAuts
     D:3: 405 daAuts
     D:6: 113 daAuts
